Map: Scoria Reactor

Players

TroLL

  • Race: Zerg Zerg
  • Spawn Location: 9:00

Hindulaatti

  • Race: Terran Terran
  • League: Diamond
  • Spawn Location: 12:00

Atomic

  • Race: Zerg Zerg
  • Spawn Location: 12:00

Cartman

  • Race: Terran Terran
  • Spawn Location: 11:00

Spider - Winner!

  • Race: Protoss Protoss
  • Spawn Location: 3:00

eltoro - Winner!

  • Race: Terran Terran
  • Spawn Location: 6:00

Wolfvrick - Winner!

  • Race: Protoss Protoss
  • League: Platinum
  • Spawn Location: 5:00

Zanza - Winner!

  • Race: Protoss Protoss
  • Spawn Location: 6:00

VOD

Have the link to the VOD?

Description

Time

  • Played on: Jan. 9, 2016, 6:24 a.m.
  • Length: 6:22
Show
View Real Time Build Order
Export as new Build Order

TroLL Zerg 

Build Orders: Hatch First 

Get SALT Encoding   

  12  0:01  Drone  
  13  0:11  Drone  
  14  0:22  Overlord  
  14  0:41  Drone x3  
  17  0:56  Drone  
  18  1:00  Hatchery  
  17  1:05  Drone  
  18  1:14  Drone, Extractor  
  18  1:23  Spawning Pool  
  18  1:24  Drone  
  18  1:35  Overlord  
  18  1:51  Drone  
  19  2:04  Drone  
  20  2:09  Drone  
  20  2:10  Queen  
  20  2:12  Queen  
  25  2:19  Metabolic Boost  
  25  2:24  Drone  
  25  2:28  Drone  
  27  2:30  Drone  
  27  2:36  Drone  
  29  2:37  Drone  
  29  2:40  Zergling x2  
  31  2:45  Spore Crawler  
  31  2:46  Queen  
  32  2:53  Spore Crawler  
  32  2:55  Zergling x4  
  33  3:04  Zergling x4  
  35  3:12  Drone  
  36  3:18  Overlord x2  
  36  3:23  Extractor  
  35  3:34  Overlord x2  
  35  3:35  Drone  
  35  3:38  Drone  
  35  3:40  Zergling x2  
  35  3:41  Zergling x4  
  39  3:45  Zergling x2  
  40  3:53  Drone x2  
  40  3:54  Zergling x8, Extractor  
  45  4:00  Zergling x2  
  35  4:17  Zergling x6  
  35  4:22  Zergling x2  
  35  4:23  Zergling x6  
  37  4:29  Overlord x2  
  37  4:35  Spawning Pool  
  27  4:46  Spine Crawler  
  27  4:47  Spine Crawler x2, Zergling x4  
  27  4:48  Zergling x2  
  27  4:59  Zergling x6  
  29  5:04  Zergling x2  
  29  5:05  Hatchery  
  28  5:14  Zergling x2  
  27  5:22  Zergling x2  
  28  5:34  Extractor  
  27  5:49  Zergling x6  
Show
View Real Time Build Order
Export as new Build Order

Hindulaatti Terran 

Build Orders:  

Get SALT Encoding   

  12  0:01  SCV  
  13  0:14  SCV  
  14  0:19  Supply Depot  
  14  0:26  SCV  
  15  0:41  SCV  
  15  0:42  Barracks  
  16  0:52  Refinery  
  16  0:53  SCV  
  17  1:05  SCV  
  19  1:18  SCV  
  19  1:20  Refinery  
  19  1:21  Supply Depot  
  19  1:30  Marine  
  21  1:33  Orbital Command  
  20  1:49  Marine  
  20  1:52  Factory  
  21  1:58  SCV  
  22  2:02  Barracks  
  22  2:07  Marine  
  23  2:10  SCV  
  24  2:22  SCV  
  25  2:30  Marine  
  25  2:36  Supply Depot  
  26  2:38  Ghost Academy  
  26  2:40  SCV  
  27  2:52  Barracks Tech Lab  
  27  2:58  SCV  
  27  3:01  Barracks Tech Lab  
  28  3:10  Command Center, SCV  
  29  3:18  Personal Cloaking  
  29  3:21  Marine  
  29  3:24  Marine  
  29  3:25  SCV  
  32  3:29  Widow Mine  
  34  3:36  Supply Depot  
  34  3:50  Ghost  
  34  3:53  SCV  
  37  3:59  Ghost  
  39  4:24  Orbital Command  
  36  4:26  Barracks  
  36  4:28  Widow Mine  
  37  4:43  Ghost x2  
  41  4:51  Orbital Command  
  41  4:56  Widow Mine  
  26  5:43  Ghost  
  26  5:44  Marine, Ghost  
  26  5:45  Widow Mine  
Show
View Real Time Build Order
Export as new Build Order

Atomic Zerg 

Build Orders: Hatch First 

Get SALT Encoding   

  12  0:04  Drone  
  13  0:16  Drone  
  14  0:29  Overlord  
  14  0:48  Drone  
  14  0:49  Drone x2  
  17  1:10  Hatchery  
  16  1:12  Spawning Pool  
  16  1:13  Drone  
  16  1:21  Drone x2  
  18  1:45  Extractor  
  18  1:46  Drone x2  
  19  1:47  Extractor  
  19  1:54  Drone  
  19  1:58  Queen  
  21  2:05  Overlord  
  21  2:12  Spore Crawler  
  21  2:15  Drone  
  21  2:28  Queen  
  24  2:30  Drone x2  
  25  2:40  Drone x2  
  27  2:46  Lair  
  27  2:56  Drone x3  
  30  3:04  Roach Warren  
  29  3:15  Spore Crawler  
  29  3:16  Drone  
  29  3:17  Drone  
  29  3:19  Drone x2  
  33  3:20  Drone  
  33  3:45  Overlord, Roach  
  33  3:47  Overlord  
  33  3:48  Drone  
  36  3:59  Extractor  
  35  4:04  Spire  
  35  4:08  Roach x3  
  35  4:09  Roach x2  
  44  4:20  Overlord  
  44  4:21  Roach x2  
  46  4:43  Roach x6  
  52  5:08  Roach x4  
  52  5:09  Overlord  
Show
View Real Time Build Order
Export as new Build Order

Cartman Terran 

Build Orders: Command Center First (CC) 

Get SALT Encoding   

  12  0:21  SCV  
  13  0:33  SCV  
  14  0:45  SCV  
  14  0:49  Supply Depot  
  15  1:10  Command Center, SCV  
  16  1:22  SCV  
  17  1:35  SCV  
  18  1:42  Refinery  
  18  1:44  Barracks  
  18  1:47  SCV  
  19  1:57  Refinery  
  19  1:59  SCV  
  20  2:11  SCV  
  21  2:23  SCV  
  22  2:32  Orbital Command  
  22  2:36  Orbital Command  
  22  2:41  Factory  
  22  2:51  Command Center  
  22  2:59  SCV  
  23  3:07  SCV  
  23  3:11  SCV  
  25  3:19  SCV  
  26  3:23  SCV  
  26  3:26  Starport  
  27  3:30  Armory  
  27  3:31  SCV  
  28  3:35  SCV  
  28  3:39  Refinery  
  29  3:43  SCV  
  29  3:48  SCV  
  31  3:55  SCV  
  32  3:57  Starport  
  32  4:00  SCV  
  33  4:04  Refinery  
  33  4:07  Starport Tech Lab, SCV  
  34  4:34  Starport Tech Lab  
  34  4:37  Banshee  
  19  5:20  Banshee  
  22  5:59  SCV x2  
Show
View Real Time Build Order
Export as new Build Order

Spider Protoss - Winner!

Build Orders:  

Get SALT Encoding   

  12  0:02  Probe (Chrono Boost)  
  13  0:13  Probe (Chrono Boost)  
  14  0:24  Pylon  
  14  0:27  Probe (Chrono Boost)  
  15  0:34  Assimilator  
  15  0:42  Probe (Chrono Boost)  
  16  0:46  Gateway  
  16  0:52  Probe (Chrono Boost)  
  17  1:01  Assimilator  
  17  1:03  Probe (Chrono Boost)  
  18  1:14  Probe (Chrono Boost)  
  19  1:24  Probe (Chrono Boost)  
  20  1:35  Cybernetics Core, Probe (Chrono Boost)  
  21  1:45  Probe (Chrono Boost)  
  22  1:52  Nexus  
  22  2:02  Pylon  
  22  2:04  Probe (Chrono Boost)  
  23  2:20  Probe (Chrono Boost)  
  24  2:25  Stargate  
  24  2:27  Stargate  
  24  2:30  Probe (Chrono Boost)  
  25  2:41  Probe (Chrono Boost)  
  25  2:43  Pylon  
  26  2:50  Assimilator  
  26  2:52  Probe (Chrono Boost)  
  27  3:02  Probe (Chrono Boost)  
  28  3:06  Probe (Chrono Boost)  
  30  3:13  Probe (Chrono Boost)  
  30  3:17  Probe (Chrono Boost)  
  31  3:28  Void Ray x2 (Chrono Boost)  
  39  3:36  Probe  
  40  3:41  Probe  
  40  3:48  Probe  
  42  3:54  Probe  
  43  4:06  Void Ray (Chrono Boost), Probe  
  43  4:07  Void Ray (Chrono Boost)  
  52  4:15  Pylon  
  52  4:17  Assimilator  
  52  4:18  Probe  
  52  4:22  Probe  
  54  4:27  Cybernetics Core  
  54  4:31  Robotics Facility  
  54  4:33  Probe  
  54  4:34  Pylon, Probe  
  54  4:37  Pylon  
  57  4:46  Probe (Chrono Boost)  
  57  5:21  Nexus  
  57  5:24  Assimilator  
  57  5:29  Assimilator  
  57  5:32  Pylon  
  57  5:34  Pylon  
Show
View Real Time Build Order
Export as new Build Order

eltoro Terran - Winner!

Build Orders:  

Get SALT Encoding   

  12  0:01  SCV  
  13  0:13  SCV  
  14  0:25  SCV  
  15  0:28  Supply Depot  
  15  0:50  SCV  
  15  0:51  Barracks  
  15  0:52  Barracks  
  16  1:02  SCV  
  17  1:14  SCV  
  17  1:15  Supply Depot  
  18  1:26  SCV  
  19  1:40  Barracks  
  19  1:42  Barracks  
  19  1:45  Supply Depot  
  19  1:46  Marine  
  20  1:47  Marine  
  21  1:58  Orbital Command  
  21  2:04  Marine  
  21  2:05  Marine  
  23  2:18  Supply Depot  
  23  2:23  Marine  
  23  2:24  Marine  
  25  2:31  Marine  
  25  2:32  Marine  
  27  2:40  SCV  
  28  2:46  Supply Depot  
  28  2:48  Refinery  
  28  2:49  Refinery, Marine  
  29  2:51  Marine  
  29  2:52  SCV  
  29  2:54  Marine  
  29  2:57  Marine  
  33  3:06  Marine  
  33  3:09  Marine  
  33  3:12  Marine  
  36  3:14  Marine  
  36  3:16  Supply Depot  
  36  3:18  SCV  
  38  3:24  Marine  
  39  3:27  Marine  
  39  3:30  SCV  
  41  3:39  Marine x2  
  43  3:42  Marine  
  43  3:45  Marine  
  45  3:53  SCV  
  46  3:57  Marine x2  
  46  4:00  Marine  
  49  4:03  Marine  
  49  4:05  SCV  
  51  4:15  Marine x2  
  50  4:18  Marine  
  50  4:20  Marine  
  51  4:27  SCV  
  52  4:32  Marine  
  52  4:33  Marine  
  52  4:35  Supply Depot, Marine  
  55  4:38  Factory  
  55  4:40  SCV  
  56  4:48  Marine  
  56  4:50  Marine x2  
  57  4:53  Marine  
  50  5:08  Marine  
  50  5:09  Marine x2  
  50  5:11  Marine  
  43  5:26  Marine x3  
  40  5:29  Marine  
  38  5:44  Marine x3  
  38  5:47  Marine  
  38  5:49  Starport  
  42  5:50  Factory Reactor  
  41  5:58  Engineering Bay  
  41  6:02  Marine x3  
Show
View Real Time Build Order
Export as new Build Order

Wolfvrick Protoss - Winner!

Build Orders: Mass Adepts 

Get SALT Encoding   

  12  0:01  Probe (Chrono Boost)  
  13  0:11  Probe (Chrono Boost)  
  14  0:18  Pylon  
  14  0:25  Probe (Chrono Boost)  
  15  0:36  Probe (Chrono Boost)  
  16  0:43  Gateway  
  16  0:46  Assimilator  
  16  0:47  Probe (Chrono Boost)  
  17  1:00  Probe (Chrono Boost)  
  18  1:04  Assimilator  
  18  1:07  Pylon  
  18  1:11  Probe (Chrono Boost)  
  19  1:21  Probe (Chrono Boost)  
  20  1:30  Cybernetics Core  
  20  1:38  Probe (Chrono Boost)  
  21  1:44  Gateway  
  21  1:48  Probe (Chrono Boost)  
  21  1:51  Gateway  
  22  1:59  Probe (Chrono Boost)  
  23  2:03  Pylon  
  23  2:07  Warp Gate (Chrono Boost)  
  23  2:12  Adept  
  25  2:24  Gateway  
  25  2:39  Adept x2  
  29  2:48  Adept  
  31  2:51  Pylon  
  31  3:06  Adept  
  31  3:07  Adept  
  31  3:11  Adept  
  37  3:19  Forge  
  37  3:22  Adept  
  39  3:56  Photon Cannon  
  39  4:03  Pylon  
  39  4:22  Adept  
  39  4:24  Adept x3  
  47  4:34  Photon Cannon  
  45  4:59  Adept x3  
  51  5:20  Adept x4  
  39  5:56  Adept x4  
  30  6:13  Nexus  
Show
View Real Time Build Order
Export as new Build Order

Zanza Protoss - Winner!

Build Orders:  

Get SALT Encoding   

  12  0:01  Probe (Chrono Boost)  
  13  0:11  Probe (Chrono Boost)  
  14  0:19  Pylon  
  14  0:23  Probe (Chrono Boost)  
  15  0:37  Probe (Chrono Boost)  
  16  0:47  Gateway  
  16  0:49  Assimilator  
  16  0:52  Probe (Chrono Boost)  
  17  1:02  Probe (Chrono Boost)  
  18  1:06  Gateway  
  18  1:11  Pylon  
  18  1:13  Probe (Chrono Boost)  
  19  1:30  Gateway  
  19  1:31  Pylon  
  19  1:35  Cybernetics Core  
  19  1:41  Pylon  
  19  1:49  Zealot (Chrono Boost)  
  23  2:04  Zealot (Chrono Boost)  
  23  2:13  Stalker (Chrono Boost)  
  25  2:22  Stalker (Chrono Boost)  
  27  2:27  Assimilator  
  27  2:29  Probe  
  30  2:31  Stalker (Chrono Boost)  
  30  2:39  Stalker (Chrono Boost)  
  30  2:43  Probe  
  35  2:52  Zealot (Chrono Boost)  
  35  2:55  Probe  
  36  3:03  Stalker (Chrono Boost)  
  38  3:13  Warp Gate (Chrono Boost)  
  38  3:19  Pylon  
  38  3:37  Stalker (Chrono Boost)  
  40  3:48  Stalker x2 (Chrono Boost)  
  44  3:57  Pylon  
  44  4:00  Probe  
  45  4:09  Stalker (Chrono Boost)  
  47  4:17  Stalker x2 (Chrono Boost)  
  51  4:44  Pylon  
  45  5:17  Stalker x3  
  49  5:23  Gateway  
  41  5:50  Stalker x3  
  41  6:17  Stalker x4  
Tags
 
Add a new tag
Caveats
  • Supply blocks, unpowered buildings, or Contaminate may cause inaccurate times.
  • Supply counts are checked every 10 seconds.